 Dungeon Crawl Stone Soup version 0.23-a0-180-ga5275e7 (webtiles) character file.

395 Inarius the Skirmisher (level 6, -2/51 HPs)
             Began as a Mummy Fighter on Sept 18, 2018.
             Splashed by Ijyb's acid (15 damage)
             ... on level 3 of the Dungeon.
             The game lasted 00:03:26 (1893 turns).

Inarius the Skirmisher (Mummy Fighter)              Turns: 1893, Time: 00:03:27

Health: -2/51      AC:  9    Str: 21    XL:     6   Next: 52%
Magic:  6/6        EV:  7    Int:  7    God:
Gold:   141        SH:  9    Dex: 12    Spells: 5/5 levels left

rFire    . . .     SeeInvis .   a - +0 war axe
rCold    + . .     Gourm    .   c - +0 shield
rNeg     + + +     Faith    .   p - +2 scale mail {rF+}
rPois    ∞         Spirit   .   n - +1 helmet
rElec    .         Reflect  .   d - +0 cloak
rCorr    .         Harm     .   k - +0 pair of gloves
MR       .....                  (no boots)
Stlth    ..........             (no amulet)
HPRegen  0.17/turn              (no ring)
MPRegen  0.10/turn              (no ring)

@: corroded
A: no food or potions, fire vulnerability, cold resistance 1, negative energy
resistance 3, torment resistance, unbreathing
a: no special abilities


You were on level 3 of the Dungeon.
You were not hungry.

You visited 1 branch of the dungeon, and saw 3 of its levels.

You collected 141 gold pieces.

Inventory:

Hand Weapons
 a - a +0 war axe (weapon)
Armour
 c - a +0 shield (worn)
 d - a +0 cloak (worn)
 k - a +0 pair of gloves (worn)
 n - a +1 helmet (worn)
 p - a +2 scale mail of fire resistance (worn)
Scrolls
 b - a scroll of remove curse
 e - a scroll of enchant weapon
 f - a scroll of magic mapping {unknown}
 g - a scroll of noise
 h - a scroll of blinking
 i - a scroll of teleportation
 j - a scroll of identify
 l - 3 scrolls of amnesia
 m - a scroll of immolation {unknown}
 o - a scroll of fear {unknown}


   Skills:
 * Level 5.4 Fighting
 - Level 1.5 Axes
 + Level 3.6 Armour
 + Level 3.9 Shields


You had 5 spell levels left.
You didn't know any spells.
Your spell library was empty.

Dungeon Overview and Level Annotations

Branches:
Dungeon (3/15)

Altars:
Nemelex Xobeh
Okawaru

Annotations:
D:3 Ijyb


Innate Abilities, Weirdness & Mutations

You do not eat or drink.
Your flesh is vulnerable to fire.
You are immune to poison.
Your flesh is cold resistant. (rC+)
You are immune to negative energy. (rN+++)
You are immune to unholy pain and torment.
You can survive without breathing.


Message History

No target in view!
No target in view!
No target in view!
No target in view!
No target in view!
No target in view!
No target in view!
No target in view!
No target in view!
Ijyb the Twisted Goblin comes into view.
She is wielding a club.
Ijyb is nearby!
Ijyb is nearby!
Ijyb is nearby!
Ijyb is nearby!
Ijyb zaps a wand.
The bolt of acid hits you!
You are splashed with acid!
The acid burns!
It is a wand of acid (4).
You closely miss Ijyb.
Ijyb zaps a wand.
The bolt of acid hits you!
* * * LOW HITPOINT WARNING * * *
The acid corrodes you!
You are splashed with acid!
The acid burns!
You die...

#...#####.##
#..######...
#...........
##...#######.
##............
##..#.#########
####..##.### ##
#....#..)..# #.
#@####.....# #.
#....g.#
#.....# #.
#......#
#.!...# ##
#.....##
####### #.....
#..... #.....
#.....


You could see Ijyb.

Vanquished Creatures
  Grinder (D:3)
  2 orc wizards (D:3)
  Jessica (D:3)
  A gnoll (D:1)
  3 adders
  A worm (D:2)
  4 leopard geckos
  4 orcs (D:3)
  2 giant cockroaches (D:1)
  6 goblins
  10 hobgoblins
  9 jackals
  5 kobolds
  A quokka (D:2)
  A ball python (D:3)
  6 bats
  5 frilled lizards
  4 rats
66 creatures vanquished.

Notes
Turn   | Place    | Note
-------+----------+-------------------------------------------
     0 | D:1      | Inarius the Mummy Fighter began the quest for the Orb.
     0 | D:1      | Reached XP level 1. HP: 18/18 MP: 1/1
   138 | D:1      | Reached XP level 2. HP: 24/24 MP: 2/2
   556 | D:2      | Reached XP level 3. HP: 28/29 MP: 3/3
   887 | D:2      | Reached skill level 4 in Fighting
   900 | D:2      | Reached XP level 4. HP: 30/37 MP: 4/4
  1442 | D:3      | Noticed Grinder
  1448 | D:3      | Paralysed by Grinder for 2 turns
  1470 | D:3      | Paralysed by Grinder for 6 turns
  1479 | D:3      | Killed Grinder
  1479 | D:3      | Reached skill level 5 in Fighting
  1479 | D:3      | Reached XP level 5. HP: 28/44 MP: 5/5
  1479 | D:3      | Reached XP level 6. HP: 32/51 MP: 6/6
  1741 | D:3      | Found a sparkling altar of Nemelex Xobeh.
  1818 | D:3      | Noticed Jessica
  1824 | D:3      | Killed Jessica
  1831 | D:3      | Found an iron altar of Okawaru.
  1889 | D:3      | Noticed Ijyb
  1893 | D:3      | Splashed by Ijyb's acid

Vault maps used:
D:1:      lightli_arrival_statuegarden, minmay_misc_feat_nine_boxes
D:2:      first_ration, minmay_heptomino_d4
D:3:      overflow_temple_1_default, nemelex_altar_shiori, okawaru_trees_1,
          uniq_grinder, uniq_jessica, uniq_ijyb

Skill      XL: |  1  2  3  4 |
---------------+-------------+-----
Fighting       | 4 5 |  5.4
Shields        | 3 |  3.9
Armour         | 3 |  3.6
Axes           | |  1.5

Action                   |  1- 3 |  4- 6 || total
-------------------------+-------+-------++-------
Melee: War axe           |   110 |    82 ||   192
  Use: Scroll            |       |     6 ||     6
Armor: Scale mail        |    72 |    55 ||   127
Dodge: Dodged            |    49 |    23 ||    72
Block: Shield            |    65 |    55 ||   120

Table legend:
 A = Non-vault XP
 B = Vault XP
 C = Vault XP percentage of total XP
 D = Non-vault monster count
 E = Vault monster count
 F = Vault count percentage of total count
                 A         B        C        D         E       F
            +---------+---------+-------+---------+---------+-------
      Total |     241 |     324 |  57.3 |      60 |       6 |   9.1
            +---------+---------+-------+---------+---------+-------
        D:1 |      40 |       0 |   0.0 |      16 |       0 |   0.0
        D:2 |      51 |       6 |  10.5 |      20 |       4 |  16.7
        D:3 |     150 |     318 |  67.9 |      24 |       2 |   7.7
            +---------+---------+-------+---------+---------+-------
